Map: Thunderbird LE

Players

Mez - Winner!

  • Race: Terran Terran
  • League: Master
  • Spawn Location: 5:00

IIIIIIIIIIII

  • Race: Zerg Zerg
  • League: Master
  • Spawn Location: 11:00

VOD

Have the link to the VOD?

Description

Time

  • Played on: Sept. 5, 2019, 10:13 a.m.
  • Length: 10:30
Show
View Real Time Build Order
Export as new Build Order

Mez Terran - Winner!

Build Orders: Liberator Opening, Reaper Expand 

Get SALT Encoding   

  12  0:00  SCV  
  13  0:12  SCV  
  14  0:18  Supply Depot  
  14  0:24  SCV  
  15  0:40  SCV  
  15  0:42  Barracks  
  16  0:45  Refinery  
  16  0:52  SCV  
  17  1:05  SCV  
  18  1:17  SCV  
  19  1:31  Orbital Command, Reaper  
  20  1:46  Command Center  
  20  1:50  Supply Depot  
  20  1:57  SCV  
  21  2:03  Marine  
  22  2:09  SCV  
  22  2:13  Factory  
  23  2:18  Refinery  
  23  2:23  Barracks Reactor  
  23  2:25  SCV  
  23  2:42  SCV  
  24  2:55  SCV  
  25  3:01  Orbital Command  
  25  3:05  Starport  
  25  3:07  SCV  
  25  3:10  Hellion x2  
  25  3:12  Barracks Tech Lab  
  30  3:19  SCV, Supply Depot  
  31  3:26  Liberator  
  31  3:28  SCV  
  31  3:31  SCV  
  31  3:32  Hellion x2  
  37  3:37  Marine  
  37  3:40  SCV  
  39  3:43  SCV  
  43  3:52  SCV  
  46  3:56  SCV  
  48  4:04  SCV  
  48  4:08  SCV  
  46  4:12  Supply Depot  
  46  4:15  Siege Tank  
  46  4:16  Marine  
  50  4:17  Marine  
  50  4:21  SCV x2  
  50  4:22  Command Center  
  53  4:34  Marine, SCV x2  
  53  4:35  Marine  
  55  4:52  Marine, Siege Tank  
  53  5:06  Marine  
  53  5:09  Marine  
  54  5:14  Supply Depot  
  54  5:15  Engineering Bay  
  54  5:16  Supply Depot, Engineering Bay  
  54  5:17  Starport Reactor  
  54  5:20  SCV x2  
  56  5:32  SCV x2  
  56  5:35  Barracks x2, Orbital Command  
  58  5:36  Factory Tech Lab  
  58  5:44  SCV x2  
  58  5:45  Terran Infantry Armor Level 1, Terran Infantry Weapons Level 1  
  60  5:55  Stimpack, Refinery  
  60  5:56  SCV x2  
  62  5:57  Refinery  
  62  6:01  SCV  
  63  6:04  Starport Reactor  
  63  6:08  SCV x2  
  65  6:12  Siege Tank  
  65  6:14  Marine, Barracks  
  65  6:15  SCV, Barracks  
  70  6:20  SCV x2  
  70  6:24  Marine x2  
  74  6:29  SCV  
  74  6:32  Marine, SCV  
  77  6:35  SCV  
  77  6:37  Marine x2  
  80  6:41  SCV  
  80  6:43  Marine x2  
  80  6:44  SCV  
  80  6:46  Armory  
  84  6:47  SCV  
  84  6:49  Refinery  
  84  6:52  Marine  
  84  6:53  Siege Tank  
  89  6:54  Medivac x2  
  89  7:00  Supply Depot x3  
  93  7:08  Marine x2, SCV x2  
  97  7:10  Marine x2  
  97  7:11  Barracks Reactor x2  
  97  7:14  Marine  
  100  7:17  Supply Depot  
  100  7:20  Supply Depot  
  100  7:24  SCV x2  
  100  7:25  Marine  
  100  7:26  Supply Depot x2  
  100  7:28  Marine x3, Supply Depot  
  100  7:29  Siege Tank  
  109  7:30  Medivac  
  109  7:31  Medivac  
  109  7:35  Combat Shield  
  113  7:40  SCV  
  113  7:41  SCV x2  
  113  7:42  Refinery  
  116  7:51  Supply Depot  
  116  7:52  Supply Depot  
  116  7:53  SCV x2  
  116  7:54  Marine x2  
  120  7:58  Marine x3  
  120  7:59  Marine x4  
  127  8:07  Siege Tank  
  127  8:12  Marine x2  
  132  8:20  Command Center  
  132  8:28  Marine  
  132  8:29  Marine x8  
  141  8:34  Factory  
  141  8:35  Medivac  
  141  8:40  Siege Tank  
  146  8:43  Medivac  
  146  8:46  Marine  
  149  9:02  Marine  
  149  9:03  Marine x7  
  149  9:04  Marine  
  158  9:12  Siege Tank  
  161  9:22  Marine x9  
  161  9:23  Factory Tech Lab  
  148  9:40  Marine  
  148  9:41  Marine x4  
  148  9:42  Marine x3  
  148  9:43  Siege Tank  
  148  9:44  Siege Tank, Medivac x2  
  157  10:06  Marine x7  
  147  10:14  Barracks  
  147  10:15  Barracks x2  
  144  10:23  Starport  
Show
View Real Time Build Order
Export as new Build Order

IIIIIIIIIIII Zerg 

Build Orders: Hatch First 

Get SALT Encoding   

  12  0:01  Drone  
  13  0:12  Overlord  
  13  0:16  Drone  
  14  0:30  Drone x2  
  14  0:34  Drone  
  17  0:51  Hatchery  
  17  0:54  Drone  
  17  0:57  Drone  
  18  1:08  Extractor  
  17  1:12  Spawning Pool  
  17  1:14  Drone  
  17  1:17  Drone  
  18  1:28  Drone  
  19  1:39  Overlord  
  19  1:49  Drone  
  20  1:58  Queen  
  20  2:00  Zergling x2  
  23  2:03  Queen, Zergling x2  
  26  2:10  Metabolic Boost  
  26  2:12  Drone  
  26  2:15  Drone  
  28  2:23  Drone  
  28  2:26  Drone  
  30  2:37  Roach Warren  
  30  2:39  Drone x2  
  29  2:54  Drone x2  
  29  2:55  Hatchery  
  29  2:57  Drone  
  30  3:11  Drone x3  
  30  3:12  Drone x3  
  36  3:18  Overlord  
  36  3:21  Overlord  
  36  3:44  Roach x4  
  36  3:45  Roach x2  
  36  3:46  Roach x2  
  52  3:49  Overlord  
  51  4:04  Overlord  
  51  4:06  Queen  
  51  4:09  Drone x6  
  59  4:18  Queen  
  61  4:30  Zergling x2  
  61  4:31  Zergling x12  
  68  4:42  Evolution Chamber  
  54  5:06  Drone  
  45  5:07  Drone x11  
  56  5:28  Lair  
  56  5:29  Drone x2, Evolution Chamber  
  56  5:30  Evolution Chamber  
  56  5:43  Hatchery  
  56  5:45  Spore Crawler  
  56  5:47  Spore Crawler  
  56  5:48  Spore Crawler  
  52  5:50  Spore Crawler  
  52  5:51  Drone  
  52  5:52  Drone x10  
  52  5:56  Zerg Ground Armor Level 1, Zerg Melee Weapons Level 1  
  63  5:58  Drone x2  
  65  6:12  Overlord  
  65  6:13  Drone x2, Extractor x2  
  65  6:14  Drone x3  
  65  6:15  Drone x3  
  71  6:30  Overseer  
  68  6:48  Queen  
  70  7:00  Zergling x2  
  70  7:01  Zergling x30  
  86  7:12  Queen  
  86  7:13  Baneling Nest  
  83  7:33  Drone  
  83  7:34  Drone x3  
  83  7:35  Overlord  
  83  7:36  Overlord x5, Pneumatized Carapace  
  87  7:50  Spore Crawler  
  86  7:51  Queen  
  86  7:52  Hatchery  
  86  7:56  Zerg Melee Weapons Level 2, Zerg Ground Armor Level 2, Centrifical Hooks  
  86  7:58  Hatchery  
  85  8:12  Extractor, Drone  
  86  8:13  Drone x6, Extractor  
  86  8:14  Drone x2  
  86  8:15  Drone x4  
  86  8:18  Extractor, Spire, Drone x3  
  97  8:20  Drone  
  97  8:22  Drone  
  97  8:23  Drone x5  
  104  8:40  Zergling x18  
  104  8:41  Zergling x8  
  109  9:00  Baneling x8  
  109  9:01  Baneling x8  
  109  9:02  Zergling x4, Baneling x5  
  111  9:03  Zergling x12  
  111  9:09  Zergling x6  
  123  9:10  Zergling x14  
  123  9:12  Zergling x4  
  123  9:13  Zergling x2  
  130  9:17  Zergling x6  
  126  9:27  Zergling x10  
  98  9:42  Zergling x2  
  98  9:43  Zergling x32  
  98  9:44  Zergling x8  
  110  9:46  Baneling x7  
  110  9:47  Baneling  
  108  10:01  Zergling x20  
  108  10:04  Baneling  
  108  10:05  Baneling x11  
Tags
 
Add a new tag
Caveats
  • Supply blocks, unpowered buildings, or Contaminate may cause inaccurate times.
  • Supply counts are checked every 10 seconds.